 Dungeon Crawl Stone Soup version 0.28-a0-909-g796cbd3a86 (webtiles) character file.

Game seed: 13807269398560664378

1645 night the Ogre Mage (level 8, -5/67 HPs)
             Began as an Ogre Fire Elementalist on Nov 24, 2021.
             Killed by divine providence
             ... invoked by an orc priest
              (15 damage)
             ... on level 6 of the Dungeon.
             The game lasted 00:14:34 (7557 turns).

night the Ogre Mage (Ogre Fire Elementalist)        Turns: 7557, Time: 00:14:35

Health: -5/67      AC:  4    Str: 13    XL:     8   Next: 99%
Magic:  2/19       EV:  9    Int: 18    God:
Gold:   369        SH:  0    Dex:  9    Spells: 14/21 levels left

rFire   . . .      SeeInvis .   l - +3 whip "Likog" {spect, rC+}
rCold   + . .      Faith    .   (no shield)
rNeg    . . .      Spirit   .   a - +0 robe
rPois   +          Reflect  .   (helmet restricted)
rElec   .          Harm     .   o - +0 cloak
rCorr   .          Rampage  .   (gloves unavailable)
Will    .....                   (boots unavailable)
Stlth   +.........              (no amulet)
HPRegen 0.21/turn               d - ring of poison resistance
MPRegen 0.16/turn               (no ring)

@: very slightly contaminated
A: large, unfitting armour, tough skin 1
a: no special abilities


You were on level 6 of the Dungeon.
You visited 1 branch of the dungeon, and saw 6 of its levels.

You collected 369 gold pieces.

Inventory:

Hand Weapons
 e - a +0 whip
 j - a +1 whip of freezing
 k - a +0 great mace
 l - the +3 whip "Likog" (weapon) {spect, rC+}
   (You found it on level 5 of the Dungeon)

   When its wielder attacks, the weapon's spirit leaps out and strikes again.
   The spirit shares a part of any damage it takes with its wielder.
   rC:        It protects you from cold.
Missiles
 b - 12 poisoned darts
 c - 83 stones
 p - 8 large rocks
 s - 50 sling bullets
 t - 68 arrows
 u - 2 boomerangs
 w - 36 bolts
Armour
 a - a +0 robe (worn)
 o - a +0 cloak (worn)
Jewellery
 d - a ring of poison resistance (left hand)
 q - a ring of see invisible
Wands
 x - a wand of mindburst (18)
Scrolls
 h - 5 scrolls of teleportation
 n - a scroll of amnesia
Potions
 f - a potion of heal wounds
 g - 2 potions of might
 i - 3 potions of flight
 m - a potion of mutation
 r - a potion of attraction {unknown}
 v - 2 potions of curing {unknown}
 z - a potion of haste {unknown}


   Skills:
 - Level 1.7 Dodging
 - Level 1.4 Stealth
 + Level 7.4 Spellcasting
 + Level 5.8 Conjurations
 + Level 6.4 Fire Magic


You had 14 spell levels left.
You knew the following spells:

 Your Spells              Type           Power      Damage    Failure   Level
a - Foxfire               Conj/Fire      100%       2x1d9     1%          1
b - Scorch                Fire           58%        2d8       1%          2
c - Flame Wave            Conj/Fire      28%        3d7       9%          4

Your spell library contained the following spells:

 Spells                   Type           Power      Damage    Failure   Level
 Conjure Flame            Conj/Fire      28%        6-21      2%          3
 Inner Flame              Hex/Fire       18%        N/A       9%          3
 Animate Skeleton         Necr           12%        N/A       11%         1
 Pain                     Necr           24%        1d5       11%         1
 Blink                    Tloc           12%        N/A       16%         2
 Corpse Rot               Necr/Air       12%        N/A       16%         2
 Poisonous Vapours        Pois/Air       12%        N/A       16%         2
 Lesser Beckoning         Tloc           6%         N/A       30%         3
 Vampiric Draining        Necr           6%         2d6       30%         3
 Manifold Assault         Tloc           6%         N/A       96%         5


Dungeon Overview and Level Annotations

Branches:
Dungeon (6/15)
 Temple: D:4-7

Altars:
Fedhas
Hepliaklqana
Nemelex Xobeh
Xom

Shops:
D:2 !

Annotations:
D:3 3 runed translucent doors, sn0wgr3's ghost, weakling MiFi


Innate Abilities, Weirdness & Mutations

You are too large for most types of armour.
You have tough skin. (AC +1)


Message History

The orc warrior is severely wounded.
The orc warrior hits you with a +0 hand axe!
You barely miss the orc warrior.
The orc warrior is severely wounded.
The orc warrior hits you with a +0 hand axe!
Casting: Flame Wave (dangerous; 9% risk of failure)
Confirm with . or Enter, or press ? or * to list all spells.
Flames lash the orc.
You kill the orc!
The orc warrior hits you with a +0 hand axe!
* * * LOW HITPOINT WARNING * * *
Unknown command.
You feel much better.
The orc warrior hits you with a +0 hand axe!
* * * LOW HITPOINT WARNING * * *
Aiming: Mindburst
Press: ? - help, Shift-Dir - straight line, f - orc warrior
Aim: an orc warrior, wielding a +0 hand axe, wearing a +0 plate armour and quivering boomerangs (severely wounded, chance to affect: 65%)
The orc warrior's mind is blasted!
You blow up the orc warrior!
You closely miss the orc priest.
The orc priest invokes the aid of Beogh against you.
Pain shoots through your body!
* * * LOW HITPOINT WARNING * * *
Casting: Scorch (safe; 1% risk of failure)
Confirm with . or Enter, or press ? or * to list all spells.
Flames lash the orc priest.
The orc priest is moderately wounded.
The orc priest's fire resistance burns away.
The orc priest hits you with a +0 dagger.
* * * LOW HITPOINT WARNING * * *
Unknown command.
Casting: Scorch (safe; 1% risk of failure)
Confirm with . or Enter, or press ? or * to list all spells.
You miscast Scorch.
You are very lightly contaminated with residual magic.
Nothing appears to happen.
The orc priest mumbles some strange prayers to Beogh against you.
Beogh smites you!
You die...

## ## #. .#####.
#.#...)oo. #...#
##.## #.# #)# #o# #@#
##+## #.# ##...## #.#
##.....## ####.##
##.......##
#.....####.........##
#........'.........'.
#.#...####.........##
#.##.## ##.......##
#.#### ##.....##


You could see an orc priest (combustible).

Vanquished Creatures
  Menkaure (D:6)
  An orc warrior (D:6)
  3 ogres (D:5)
  A phantom (D:6)
  Blork the orc (D:4)
  5 scorpions
  2 howler monkeys
  3 wights (D:6)
  4 crimson imps (D:4)
  A hound (D:6)
  2 centaur skeletons
  2 iguanas (D:5)
  Natasha (thrice) (D:4)
  An orc wizard (D:6)
  6 adders
  A shadow imp (D:6)
  A white imp (D:5)
  2 ufetubi
  A worm (D:2)
  6 dart slugs
  4 orcs
  3 ball pythons
  6 endoplasms
  2 giant cockroaches
  13 goblins
  6 hobgoblins
  2 jackals (D:4)
  10 kobolds
  5 quokkas
  6 bats
  3 frilled lizards
  6 rats
113 creatures vanquished.

Vanquished Creatures (others)
  214 foxfires
214 creatures vanquished.

Grand Total: 327 creatures vanquished

Notes
Turn   | Place    | Note
-------+----------+-------------------------------------------
     0 | D:1      | night the Ogre Fire Elementalist began the quest for the
                  | Orb.
     0 | D:1      | Reached XP level 1. HP: 16/16 MP: 3/3
    49 | D:1      | Reached skill level 1 in Conjurations
   112 | D:1      | Reached XP level 2. HP: 23/24 MP: 1/5
   117 | D:1      | Learned a level 2 spell: Scorch
   537 | D:1      | Reached skill level 3 in Spellcasting
   537 | D:1      | Reached XP level 3. HP: 31/31 MP: 0/7
   900 | D:1      | Found a faded altar of an unknown god.
  1226 | D:2      | Reached skill level 2 in Conjurations
  1226 | D:2      | Reached XP level 4. HP: 39/39 MP: 3/8
  1231 | D:2      | Learned a level 4 spell: Flame Wave
  1797 | D:2      | Found Igonu's Distillery.
  2540 | D:3      | Found a runed translucent gate.
  2541 | D:3      | Found a runed translucent gate.
  2541 | D:3      | Found a runed translucent gate.
  2545 | D:3      | Noticed sn0wgr3's ghost (weakling MiFi)
  2720 | D:3      | Noticed an ogre
  2832 | D:3      | HP: 5/39 [ogre (32)]
  3268 | D:4      | Noticed a scorpion
  3273 | D:4      | Killed a scorpion
  3274 | D:4      | Reached skill level 4 in Spellcasting
  3274 | D:4      | Reached XP level 5. HP: 45/45 MP: 2/11
  3393 | D:4      | Noticed Blork the orc
  3405 | D:4      | Killed Blork the orc
  3406 | D:4      | Reached XP level 6. HP: 14/53 MP: 1/12
  3713 | D:4      | Found a hazy altar of Hepliaklqana.
  4220 | D:4      | Noticed Natasha
  4227 | D:4      | Killed Natasha
  4370 | D:4      | Found a shimmering altar of Xom.
  4647 | D:5      | Entered Level 5 of the Dungeon
  4687 | D:5      | Reached skill level 5 in Spellcasting
  4687 | D:5      | Reached XP level 7. HP: 50/59 MP: 9/14
  4820 | D:5      | Identified the +3 whip "Likog" {spect, rC+}
  5083 | D:5      | Reached skill level 5 in Fire Magic
  5501 | D:5      | Reached skill level 6 in Spellcasting
  5552 | D:5      | Reached XP level 8. HP: 67/67 MP: 9/17
  6034 | D:4      | Noticed Natasha
  6039 | D:4      | Killed Natasha
  6097 | D:4      | Noticed Natasha
  6104 | D:4      | Killed Natasha
  6346 | D:6      | Reached skill level 5 in Conjurations
  6609 | D:6      | Found a blossoming altar of Fedhas.
  6611 | D:6      | Found a sparkling altar of Nemelex Xobeh.
  6981 | D:6      | Noticed Menkaure
  6987 | D:6      | Killed Menkaure
  6988 | D:6      | Reached skill level 7 in Spellcasting
  7552 | D:6      | HP: 6/67 [orc warrior (16)]
  7557 | D:6      | Killed from afar by an orc priest

Illustrated notes

Levels and vault maps discovered:
D:1:      nzn_arrival_settlement, layout_rooms,
          hellmonk_ecumenical_altar_inner_sanctum, st_stairs_4
D:2:      cheibrodos_helix_gallery, layout_basic, serial_shops, shop,
          minmay_misc_feat_x
D:3:      layout_rooms, serial_corexii_hall, chequers_hall_statues_wall_a,
          corexii_hall_statues_x, gammafunk_ghost_necromancy,
          minmay_ogre_servants
D:4:      layout_loops_ring, mainiacjoe_overflow_chevrons, led_xom_imps,
          uniq_natasha, uniq_blork_the_orc
D:5:      layout_basic, minmay_crossroads
D:6:      layout_loops_corners, jmf_multi_god_temple, kennysheep_another_room,
          minmay_liquid_box, uniq_menkaure

Skill      XL: |  1  2  3  4  5  6  7  8 |
---------------+-------------------------+-----
Conjurations   | 1 2 3 4 5 |  5.8
Fire Magic     | 3 4 5 6 |  6.4
Spellcasting   | 3 4 5 6 7 |  7.4
Dodging        | |  1.7
Stealth        | |  1.4

Action                   |  1- 3 |  4- 6 |  7- 9 || total
-------------------------+-------+-------+-------++-------
Melee: Whip              |     8 |    56 |    47 ||   111
       Great mace        |       |     6 |       ||     6
Throw: Dart              |       |     2 |       ||     2
 Cast: Foxfire           |    46 |    43 |    39 ||   128
       Scorch            |     5 |    36 |    29 ||    70
       Flame Wave        |       |     1 |     2 ||     3
Evoke: Wand              |       |       |     1 ||     1
  Use: Scroll            |     2 |     4 |     9 ||    15
       Potion            |       |       |     1 ||     1
 Stab: Sleeping          |       |     1 |       ||     1
Armor: Robe              |     2 |    33 |     7 ||    42
Dodge: Dodged            |     9 |    63 |    28 ||   100

Table legend: (Time is in decaauts)
 A = Elapsed time spent in this place.
 B = Non-inter-level travel time spent in this place.
 C = Inter-level travel time spent in this place.
 D = Time resting spent in this place.
 E = Time spent auto-exploring this place.
 F = Levels seen in this place.
 G = Mean time per level.
                   A        B        C        D        E       F      G
               +--------+--------+--------+--------+--------+-----+--------+
         Total |   7572 |   7389 |    183 |    888 |   5423 |   6 | 1262.0 |
       Dungeon |   7572 |   7389 |    183 |    888 |   5423 |   6 | 1262.0 |
               +--------+--------+--------+--------+--------+-----+--------+

Top non-repeatable levels by time:
     D:4: 1668 daAuts
     D:5: 1303 daAuts
     D:6: 1299 daAuts
     D:2: 1231 daAuts
     D:3: 1131 daAuts
     D:1: 937 daAuts
